 Dungeon Sprint DCSS version 0.29.1-4-g47bece8355 (webtiles) character file.

Game seed: 1119015429817436905

0 conradc the Firebug (level 1, -7/13 HPs)
             Began as a Demonspawn Fire Elementalist on Dec 12, 2022.
             Was an Initiate of Qazlal.
             Killed from afar by a hell hound (13 damage)
             ... with a blast of flame
             ... in the Dungeon (Sprint V: "Ziggurat Sprint").
             The game lasted 00:00:34 (35 turns).

conradc the Firebug (Demonspawn Fire Elementalist)    Turns: 35, Time: 00:00:34

Health: -7/13      AC:  2    Str:  8    XL:     1   Next: 0%
Magic:  3/9        EV: 13    Int: 22    God:    Qazlal [......]
Gold:   0          SH:  0    Dex: 25    Spells: 3/4 levels left

rFire   . . .      SeeInvis .   B - +6 Majin-Bo {vamp, MP+6 Int+6}
rCold   . . .      Faith    .   (shield currently unavailable)
rNeg    . . .      Spirit   .   a - +0 robe
rPois   .          Reflect  .   (no helmet)
rElec   .          Harm     .   (no cloak)
rCorr   .          Rampage  .   (no gloves)
Will    .....      NoTele   +   (no boots)
Stlth   +++.......              (no amulet)
HPRegen 0.04/turn               u - +6 ring of dexterity
MPRegen 0.11/turn               v - +6 ring of dexterity

@: no status effects
A: no striking features
a: Renounce Religion


You were in the Dungeon.
You worshipped Qazlal.
Qazlal was noncommittal.
You visited 1 branch

Inventory:

Hand Weapons
 B - the +6 Majin-Bo (weapon) {vamp, MP+6 Int+6}
   (You found it in the Dungeon)

   It heals its wielder for a portion of the damage dealt when they wound a
   living foe with it or with a spell.
   Its wielder's spells cost health as well as magical power.
   Int:       It affects your intelligence (+6).
   MP:        It affects your magic capacity (+6).
Armour
 a - a +0 robe (worn)
Jewellery
 t - a ring of flight
 u - a +6 ring of dexterity (left hand)
 v - a +6 ring of dexterity (right hand)
 w - a +6 ring of intelligence
 x - a +6 ring of intelligence
 y - a +6 ring of strength
 z - a +6 ring of strength
Wands
 q - a wand of mindburst (7)
 r - a wand of iceblast (7) (quivered)
 s - a wand of quicksilver (7)
Scrolls
 g - 4 scrolls of blinking
 m - 4 scrolls of amnesia
 n - 7 scrolls of fog
 o - 5 scrolls of identify
 p - 2 scrolls of fear
Potions
 b - 8 potions of magic
 c - 10 potions of curing
 d - 10 potions of heal wounds
 e - 6 potions of haste
 f - 3 potions of berserk rage
 h - 2 potions of brilliance
 i - 2 potions of invisibility
 j - 4 potions of resistance
 k - a potion of experience
 l - 5 potions of might
Miscellaneous
 A - a lightning rod (4/4)


   Skills:
 * Level 1.7 Dodging
 + Level 1.7 Stealth
 * Level 2.0 Spellcasting
 * Level 1.0 Conjurations
 * Level 2.6 Fire Magic


You had 3 spell levels left.
You knew the following spells:

 Your Spells              Type           Power      Damage    Failure   Level
a - Foxfire               Conj/Fire      40%        2x1d6     6%          1

Your spell library contained the following spells:

 Spells                   Type           Power      Damage    Failure   Level
 Scorch                   Fire           28%        2d6       7%          2
 Conjure Flame            Conj/Fire      10%        6-21      19%         3
 Inner Flame              Hex/Fire       8%         N/A       24%         3
 Flame Wave               Conj/Fire      10%        2d6       54%         4


Dungeon Overview and Level Annotations

Branches:
Dungeon (1/1)

Altars:
Ashenzari
Cheibriados
Dithmenos
Fedhas
Gozag
Hepliaklqana
Kikubaaqudgha
Makhleb
Nemelex Xobeh
Okawaru
Qazlal
Ru
Sif Muna
Trog
Uskayaw
Vehumet
Wu Jian
Xom
Yredelemnul
Jiyva
Lugonu

Annotations:
D 1 transporter


Message History

q - a wand of mindburst (7);
r - a wand of iceblast (7)
s - a wand of quicksilver (7)
t - a ring of flight;
u - a +6 ring of dexterity;
v - a +6 ring of dexterity
w - a +6 ring of intelligence;
x - a +6 ring of intelligence
y - a +6 ring of strength;
z - a +6 ring of strength You see here a lightning rod (4/4).
A - a lightning rod (4/4)
Items here: )))) [[.
You feel a darkness envelop your magic.
A voice whispers, "Well, hello there."
B - the +6 Majin-Bo (weapon)
{vamp, MP+6 Int+6} You feel agile.
u - a +6 ring of dexterity (left hand)
You feel agile.
v - a +6 ring of dexterity (right hand)
There is a stormy altar of Qazlal here.
You kneel at the altar of Qazlal.
Qazlal welcomes you!
Qazlal grants you and your divine allies immunity to clouds.
Okay, then.
There is a transporter here.
Welcome to arena 1.
You enter the transporter and appear at another place.
A white imp and a hell hound come into view.
Found a +2 dagger of protection and the ring of Dericick {Will+ Dex+3}.
Found a transporter.
Casting: Foxfire (safe; 6% risk of failure)
Press: ? - help, Q - select action, (/) - cycle Dir - look around, f - activate You conjure some foxfire!
The foxfire hits the white imp but does no damage.
The white imp shouts, "Take thy face hence, thou spongy pigeon-egg blabberskite!"
The foxfire hits the hell hound.
The hell hound completely resists.
The hell hound barks!
Unknown command.
The hell hound barely misses you. The white imp hits you.
The white imp freezes you. The hell hound breathes flames at you.
The blast of flame hits you!
Ouch! That really hurt!
You die...

▓▓▓▓▓▓▓
▓.8©8.▓
▓.....▓
▓.=.).▓
▓.5h..▓
▓..@§.▓
▓..©..▓
▓▓▓▓▓▓▓


You could see a hell hound (catching breath) and a white imp.

Vanquished Creatures (others)
  2 foxfires (D)
2 creatures vanquished.

Notes
Turn   | Place    | Note
-------+----------+-------------------------------------------
     0 | D        | conradc the Demonspawn Fire Elementalist began the quest
                  | for the Orb.
     0 | D        | Reached XP level 1. HP: 13/13 MP: 3/3
     0 | D        | Found a shimmering blue altar of Sif Muna.
     0 | D        | Found a sacrificial altar of Ru.
     0 | D        | Found a bloodstained altar of Trog.
     0 | D        | Found a stormy altar of Qazlal.
     0 | D        | Found an iron altar of Okawaru.
     0 | D        | Found a sparkling altar of Nemelex Xobeh.
     0 | D        | Found a blossoming altar of Fedhas.
     0 | D        | Found the +6 Majin-Bo {vamp, MP+6 Int+6}
     0 | D        | Found the +9 heavy crossbow "Sniper" {vorpal, Acc+∞ SInv}
     0 | D        | Found the +10 dark maul {vorpal}
     0 | D        | Found the +15 Maxwell's patent armour {-Cast -Tele rElec
                  | Will+ rCorr}
     0 | D        | Found the +18 shield of the Gong {rElec rN+ Will+ EV-5}
     0 | D        | Found the +14 obsidian axe {vorpal, Mesm Drain Fly SInv}
     0 | D        | Found the +7 great mace "Firestarter" {inner flame, rF++}
     0 | D        | Found the +6 shillelagh "Devastator" {shatter}
     0 | D        | Found the +11 plutonium sword {Contam Stlth-}
     0 | D        | Found the +8 lance "Wyrmbane" {slay drac, rPois rF+ rC+
                  | AC+3}
     0 | D        | Found the +9 sword of Zonguldrok {reap}
     0 | D        | Found the +13 scythe of Curses {drain, Drain}
     0 | D        | Found the +5 sword of Power {vorpal}
     0 | D        | Found the +7 mace of Variability {chain chaos}
     0 | D        | Found the +7 Singing Sword {vorpal, sonic wave}
     0 | D        | Found the +8 storm bow {elec, penet}
     2 | D        | Found a transporter.
     2 | D        | Found an ancient bone altar of Kikubaaqudgha.
     2 | D        | Found a viscous altar of Jiyva.
     2 | D        | Found a corrupted altar of Lugonu.
     2 | D        | Found a hazy altar of Hepliaklqana.
     2 | D        | Found a burning altar of Makhleb.
     2 | D        | Found an opulent altar of Gozag.
    24 | D        | Became a worshipper of Qazlal Stormbringer
    32 | D        | Entered arena 2.
    32 | D        | Noticed a hell hound
    32 | D        | Found a transporter.
    35 | D        | Killed from afar by a hell hound

Illustrated notes

Levels and vault maps discovered:
D:        sprint_v [room_start, room_1, room_2, room_3, room_4, room_5, room_6,
          room_7, room_8, room_9, room_10, room_11, room_12, room_13, room_14,
          room_15, room_16, room_17, room_18, room_19, room_20, room_21,
          room_22, room_23, room_24, room_25, room_26, room_27]

Action                   || total
-------------------------++-------
 Cast: Foxfire           ||     1
Dodge: Dodged            ||     1
